Map: Frozen Temple

Players

Alluton - Winner!

  • Race: Protoss Protoss
  • League: Grandmaster

A.I. 1 (Very Easy)

  • Race: Zerg Zerg

VOD

Have the link to the VOD?

Description

Time

  • Played on: Nov. 21, 2016, 10:49 a.m.
  • Length: 9:05
Show
View Real Time Build Order
Export as new Build Order

Alluton Protoss - Winner!

Build Orders: 1 Gate Expand, Blink Stalkers 

Get SALT Encoding   

  12  0:01  Probe (Chrono Boost)  
  13  0:11  Probe (Chrono Boost)  
  14  0:18  Pylon  
  14  0:22  Probe (Chrono Boost)  
  15  0:36  Probe (Chrono Boost)  
  15  0:39  Gateway  
  16  0:47  Probe (Chrono Boost)  
  17  0:50  Assimilator  
  17  0:57  Probe (Chrono Boost)  
  18  1:08  Probe (Chrono Boost)  
  19  1:21  Nexus  
  19  1:24  Probe (Chrono Boost)  
  20  1:34  Cybernetics Core  
  20  1:37  Probe (Chrono Boost)  
  21  1:41  Assimilator  
  21  1:47  Probe (Chrono Boost)  
  21  1:53  Pylon  
  22  1:58  Probe (Chrono Boost)  
  23  2:11  Probe (Chrono Boost)  
  23  2:12  Adept, Warp Gate  
  26  2:22  Probe (Chrono Boost)  
  27  2:32  Probe (Chrono Boost)  
  27  2:33  Probe (Chrono Boost)  
  29  2:37  Gateway  
  29  2:38  Gateway  
  29  2:43  Probe (Chrono Boost)  
  29  2:44  Probe (Chrono Boost)  
  31  2:48  Zealot  
  33  2:53  Probe (Chrono Boost)  
  33  2:54  Probe (Chrono Boost)  
  35  3:04  Probe (Chrono Boost)  
  35  3:05  Probe (Chrono Boost)  
  37  3:14  Probe (Chrono Boost)  
  37  3:16  Robotics Facility  
  37  3:17  Twilight Council  
  37  3:18  Probe (Chrono Boost)  
  39  3:25  Probe (Chrono Boost)  
  40  3:29  Probe (Chrono Boost)  
  41  3:36  Pylon  
  41  3:39  Probe (Chrono Boost)  
  41  3:40  Mothership Core (Chrono Boost)  
  44  3:49  Probe (Chrono Boost)  
  44  3:55  Blink  
  45  3:58  Probe (Chrono Boost)  
  45  4:01  Nexus  
  46  4:04  Observer  
  46  4:05  Pylon  
  46  4:06  Pylon  
  46  4:09  Probe x2 (Chrono Boost)  
  49  4:19  Probe x2 (Chrono Boost)  
  49  4:20  Assimilator  
  49  4:21  Assimilator  
  51  4:25  Observer  
  51  4:30  Probe x2 (Chrono Boost)  
  54  4:31  Forge  
  54  4:36  Adept x2  
  58  4:39  Adept  
  58  4:40  Probe x2 (Chrono Boost)  
  58  4:44  Pylon  
  62  4:51  Probe x2 (Chrono Boost)  
  64  4:54  Immortal  
  68  5:01  Adept  
  68  5:03  Adept x2  
  68  5:06  Probe (Chrono Boost)  
  75  5:09  Probe (Chrono Boost)  
  76  5:14  Probe (Chrono Boost)  
  76  5:17  Probe (Chrono Boost)  
  76  5:19  Protoss Ground Weapons Level 1  
  76  5:20  Probe (Chrono Boost)  
  79  5:25  Probe (Chrono Boost)  
  80  5:29  Probe (Chrono Boost)  
  80  5:30  Probe (Chrono Boost)  
  80  5:33  Immortal  
  87  5:35  Probe (Chrono Boost)  
  87  5:37  Sentry x2  
  87  5:38  Sentry  
  87  5:42  Pylon  
  93  5:46  Assimilator  
  93  5:47  Assimilator  
  93  5:56  Pylon, Resonating Glaives  
  93  5:59  Pylon  
  93  6:00  Probe x3 (Chrono Boost)  
  96  6:09  Gateway  
  96  6:10  Gateway  
  97  6:11  Probe (Chrono Boost)  
  97  6:13  Gateway  
  97  6:14  Probe x2 (Chrono Boost)  
  97  6:16  Gateway x2  
  99  6:22  Probe (Chrono Boost)  
  99  6:24  Probe (Chrono Boost)  
  101  6:28  Probe (Chrono Boost)  
  101  6:29  Immortal, Pylon  
  101  6:31  Stalker  
  101  6:32  Stalker  
  110  6:33  Adept  
  112  6:41  Pylon  
  112  6:43  Pylon  
  112  6:47  Pylon  
  112  6:50  Pylon  
  112  6:55  Stalker x3  
  118  7:04  Pylon  
  118  7:08  Warp Prism  
  120  7:11  Sentry x4  
  128  7:15  Stalker  
  130  7:24  Adept x3  
  130  7:28  Pylon, Nexus  
  136  7:30  Pylon  
  136  7:37  Sentry  
  136  7:40  Pylon  
  138  7:44  Pylon  
  138  8:03  Stalker x5  
  138  8:04  Stalker x3  
  154  8:06  Immortal  
  158  8:26  Stalker x2  
  158  8:27  Stalker x6  
  174  8:35  Pylon  
  174  8:39  Pylon  
  174  8:44  Assimilator  
  174  8:47  Assimilator  
  178  8:51  Stalker  
  178  8:52  Stalker x4  
  178  8:53  Sentry x3  
Show
View Real Time Build Order
Export as new Build Order

A.I. 1 (Very Easy) Zerg 

Build Orders: Hatch First 

Get SALT Encoding   

  12  0:01  Drone  
  13  0:12  Overlord  
  13  0:17  Drone  
  14  0:44  Hatchery  
  14  0:46  Drone  
  14  1:05  Spawning Pool  
  14  1:07  Extractor  
  14  1:08  Drone  
  13  1:15  Drone  
  14  1:21  Overlord  
  14  1:51  Queen  
  14  1:52  Zergling x2  
  17  1:54  Zergling x2  
  17  1:59  Roach Warren  
  17  2:04  Drone  
  18  2:09  Extractor  
  18  2:14  Drone  
  18  2:19  Zergling x2  
  19  2:24  Drone  
  20  2:31  Drone  
  21  2:38  Drone  
  22  2:45  Drone  
  23  2:52  Drone  
  24  2:59  Drone  
  25  3:07  Drone  
  25  3:11  Roach  
  28  3:12  Overlord  
  28  3:17  Drone  
  29  3:24  Drone  
  30  3:31  Drone  
  31  3:38  Drone  
  32  3:45  Drone  
  33  3:49  Overlord  
  33  3:52  Drone  
  34  3:57  Lair  
  34  4:00  Drone  
  35  4:03  Roach  
  35  4:08  Drone  
  38  4:15  Drone  
  39  4:22  Drone  
  40  4:30  Drone  
  40  4:31  Overlord  
  41  4:37  Drone  
  42  4:44  Drone  
  43  4:51  Drone  
  44  4:54  Overseer  
  44  4:55  Overseer, Roach  
  44  4:58  Drone  
  47  5:05  Extractor  
  47  5:06  Drone  
  47  5:11  Extractor  
  47  5:13  Drone  
  47  5:20  Drone  
  48  5:27  Drone  
  49  5:34  Drone  
  50  5:41  Drone  
  51  5:47  Roach  
  53  7:02  Overseer  
  53  7:03  Overlord  
  52  7:46  Zergling x2  
  43  7:58  Overseer  
  43  7:59  Overlord  
  43  8:06  Queen  
  43  8:15  Zergling x2  
  43  8:18  Overlord  
  44  8:22  Drone  
  30  8:29  Drone  
  27  8:36  Drone  
  27  8:43  Drone  
  27  8:44  Zergling x2  
  27  8:46  Overlord  
  27  8:47  Overlord  
  28  8:50  Drone  
  28  8:55  Hatchery  
Tags
 
Add a new tag
Caveats
  • Supply blocks, unpowered buildings, or Contaminate may cause inaccurate times.
  • Supply counts are checked every 10 seconds.